 Dungeon Crawl Stone Soup version 0.16-a0-2984-g889390b (webtiles) character file.

358 Chiseanne the Ducker (level 6, -9/52 HPs)
             Began as a Draconian Wanderer on Dec 6, 2014.
             Mangled by Prince Ribbit (19 damage)
             ... on level 4 of the Dungeon.
             The game lasted 00:09:29 (2713 turns).

Chiseanne the Ducker (Draconian Wanderer)           Turns: 2713, Time: 00:09:29

Health: -9/52      AC:  6    Str: 14    XL:     6   Next: 37%
Magic:  9/9        EV: 19    Int: 12    God:
Gold:   128        SH:  0    Dex: 18    Spells: 1 memorised, 6 levels left

rFire  . . .     SeeInvis +     a - +2 hand axe (venom)
rCold  . . .     Clarity  +     (armour unavailable)
rNeg   . . .     SustAb   .     (no shield)
rPois  .         Gourm    .     (helmet restricted)
rElec  .         Spirit   .     (no cloak)
rCorr  .         Warding  .     (no gloves)
rMut   .         Stasis   .     (no boots)
MR     .....                    (no amulet)
Stlth  +++.......               (no ring)
                                o - ring of see invisible

@: agile, not resistant to hostile enchantments, fairly stealthy
A: unfitting armour, clarity, cold-blooded, AC +6
a: no special abilities


You were on level 4 of the Dungeon.
You were not hungry.

You visited 1 branch of the dungeon, and saw 4 of its levels.

You collected 128 gold pieces.

Inventory:

Hand weapons
 a - a +2 hand axe of venom (weapon)
 r - a +1 vampiric broad axe
Missiles
 c - 36 bolts
 j - 13 sling bullets
Jewellery
 o - a ring of see invisible (left hand)
Magical devices
 e - a wand of flame (12)
 m - a wand of magic darts (36)
 q - a wand of teleportation (4)
Scrolls
 k - a scroll of remove curse
Potions
 g - a potion of invisibility
 i - a potion of poison {unknown}
Books
 b - Vaqen's Compendium of Translocation

   Spells                             Type                      Level
   a - Shroud of Golubria             Charms/Translocation         2
   b - Blink                          Translocation                2
 d - a book of Battle

   Spells                             Type                      Level
   a - Infusion                       Charms                       1
   b - Shroud of Golubria             Charms/Translocation         2
   c - Song of Slaying                Charms                       2
   d - Spectral Weapon                Hexes/Charms                 3
   e - Regeneration                   Charms/Necromancy            3
Comestibles
 f - 3 bread rations
 l - 2 beef jerkies
 n - 2 meat rations
 p - a slice of pizza


   Skills:
 * Level 3.8 Fighting
   Level 3.0 Long Blades
 * Level 1.6 Axes
 * Level 4.0 Dodging
   Level 1.0 Shields
 * Level 1.9 Spellcasting
 * Level 0.6 Translocations
   Level 3.0 Transmutations
 - Level 1.0 Evocations


You had 6 spell levels left.
You knew the following spells:

 Your Spells              Type           Power        Failure   Level  Hunger
a - Blink                 Tloc           N/A          34%         2    ###....


Dungeon Overview and Level Annotations

Branches:
Dungeon (4/15)
 Temple: D:4-7

Altars:
Elyvilon

Annotations:
D:4 Prince Ribbit


Innate Abilities, Weirdness & Mutations

Your plain brown scales are hard (AC +6).
Your body does not fit into most forms of armour.
Your cold-blooded metabolism reacts poorly to cold.
You possess an exceptional clarity of mind.


Message History

You feel agile all of a sudden.
Prince Ribbit blinks!
Evoke which item? (* to show all) (? for menu, Esc to quit)
Zapping:
e - a wand of flame {zapped: 4} (will waste charges)
Press: ? - help, Shift-Dir - straight line, f - Prince Ribbit
Aim: Prince Ribbit (moderately wounded, poisoned)
The puff of flame misses Prince Ribbit.
Evoking this partially-identified wand wasted a few charges.
Evoke which item? (* to show all) (? for menu, Esc to quit)
Zapping:
e - a wand of flame {zapped: 6} (will waste charges)
Press: ? - help, Shift-Dir - straight line, f/p - Prince Ribbit
Aim: Prince Ribbit (moderately wounded, poisoned) Prince Ribbit momentarily phases out as the puff of flame passes through him.
Evoking this partially-identified wand wasted a few charges.
You slash Prince Ribbit!
Prince Ribbit looks even sicker.
Prince Ribbit is heavily wounded.
Prince Ribbit hits you!
* * * LOW HITPOINT WARNING * * *
Prince Ribbit hits you!!
You die...

#.....#......#
##..........## #.#
#......)######.#..########
##.###.......)..#......# #
#....#<.....###.#.#....#
### ###.##.#......#
#...###### #.+
#.#...........####### ##.#
#...###.......##.? #...
####....#####.##.# ###.
#.#..#.#...##@# ####.
#....#.#.#.##F###.# #....
###......#.##.....# #.##<
####.#.#.#..###### # #.
#.#[#.........# ####.##.
#.#.†......##.# #.......
..#.).......# ##.#####
###.........# ...........#


You could see Prince Ribbit.

Vanquished Creatures
  Sigmund (D:2)
  Blork the orc (D:4)
  2 hounds (D:4)
  A giant frog skeleton (D:4)
  2 worker ants (D:4)
  2 worms (D:2)
  3 giant geckos
  5 orcs (D:4)
  A bat zombie (D:3)
  5 giant cockroaches
  8 hobgoblins
  4 jackals
  A quokka (D:4)
  A ball python (D:2)
  6 bats
  3 giant newts
  6 goblins
  9 kobolds
  12 rats
73 creatures vanquished.

Notes
Turn   | Place    | Note
--------------------------------------------------------------
     0 | D:1      | Chiseanne, the Draconian Wanderer, began the quest for the Orb.
     0 | D:1      | Chiseanne set off with: a +2 falchion, Vaqen's Compendium of Translocation, a potion of curing, a bread ration
     0 | D:1      | Reached XP level 1. HP: 16/16 MP: 1/1
     0 | D:1      | Identified Vaqen's Compendium of Translocation
   145 | D:1      | Reached XP level 2. HP: 10/23 MP: 2/2
   731 | D:1      | Reached skill level 1 in Spellcasting
   969 | D:2      | Noticed Sigmund
   995 | D:2      | Killed Sigmund
   995 | D:2      | Reached XP level 3. HP: 16/30 MP: 4/4
   995 | D:2      | Reached XP level 4. HP: 19/37 MP: 6/6
  1169 | D:2      | Found a white marble altar of Elyvilon.
  2209 | D:3      | Reached XP level 5. HP: 45/45 MP: 7/7
  2512 | D:4      | Reached skill level 1 in Axes
  2533 | D:4      | Gained mutation: You possess an exceptional clarity of mind. [potion of beneficial mutation]
  2538 | D:4      | Learned a level 2 spell: Blink
  2617 | D:4      | Noticed Blork the orc
  2629 | D:4      | Killed Blork the orc
  2629 | D:4      | Reached XP level 6. HP: 49/52 MP: 9/9
  2644 | D:4      | Reached skill level 4 in Dodging
  2704 | D:4      | Noticed Prince Ribbit
  2713 | D:4      | Mangled by Prince Ribbit

Action                   |  1- 3 |  4- 6 || total
-------------------------+-------+-------++-------
Melee: Falchion          |    81 |    14 ||    95
       Hand axe          |       |    99 ||    99
Evoke: Wand              |       |     4 ||     4
  Use: Potion            |     1 |     2 ||     3
       Scroll            |       |     7 ||     7
 Stab: Sleeping          |     1 |       ||     1
  Eat: Chunk             |       |     6 ||     6
